 Dungeon Crawl Stone Soup version 0.28.0 (webtiles) character file.

Game seed: 15014400334055476032

274 Morbidden the Chopper (level 6, -4/51 HPs)
             Began as a Palentonga Fighter on Feb 10, 2022.
             Slain by Menkaure (17 damage)
             ... on level 4 of the Dungeon.
             The game lasted 00:04:25 (3344 turns).

Morbidden the Chopper (Palentonga Fighter)          Turns: 3344, Time: 00:04:26

Health: -4/51      AC: 12    Str: 21    XL:     6   Next: 3%
Magic:  7/7        EV:  5    Int: 14    God:
Gold:   115        SH:  5    Dex: 13    Spells: 7/7 levels left

rFire   . . .      SeeInvis +   a - +0 war axe
rCold   . . .      Faith    .   c - +1 buckler
rNeg    . . .      Spirit   .   t - +0 chain mail
rPois   .          Reflect  .   (no helmet)
rElec   .          Harm     .   (no cloak)
rCorr   .          Rampage  .   (no gloves)
Will    .....                   (no barding)
Stlth   ..........              (no amulet)
HPRegen 0.17/turn               u - ring of Ytum {Contam AC+4 Int+5 Dex+4}
MPRegen 0.10/turn               q - ring of wizardry

@: mighty
A: large, rugged brown scales 3, see invisible, deformed body, roll 1, armoured
tail
a: Rolling Charge


You were on level 4 of the Dungeon.
You visited 1 branch of the dungeon, and saw 4 of its levels.

You collected 290 gold pieces.
You spent 175 gold pieces at shops.

Inventory:

Hand Weapons
 a - a +0 war axe (weapon)
Armour
 c - a +1 buckler (worn)
 t - a +0 chain mail (worn)
Jewellery
 b - a ring of ice
 m - a ring of willpower
 q - a ring of wizardry (right hand)
 u - the ring of Ytum (left hand) {Contam AC+4 Int+5 Dex+4}
   (You bought it in a shop on level 3 of the Dungeon)

   [ring of protection]

   AC:        It affects your AC (+4).
   Int:       It affects your intelligence (+5).
   Dex:       It affects your dexterity (+4).
   Contam:    It causes magical contamination when unequipped.
Wands
 o - a wand of flame (7)
Scrolls
 e - a scroll of vulnerability {unknown}
 g - a scroll of amnesia {unknown}
 j - a scroll of identify {unknown}
 l - a scroll of noise
 p - a scroll of fear {unknown}
 r - 2 scrolls of torment {unknown}
 s - a scroll of teleportation
Potions
 f - 3 potions of curing {unknown}
 h - 3 potions of lignification {unknown}
 i - a potion of mutation {unknown}
 k - a potion of brilliance {unknown}
 n - a potion of haste {unknown}


   Skills:
 * Level 3.7 Fighting
 * Level 4.3 Axes
 + Level 3.1 Armour
 * Level 1.5 Dodging
 + Level 2.7 Shields
 * Level 1.1 Spellcasting


You had 7 spell levels left.
You didn't know any spells.
Your spell library contained the following spells:

 Spells                   Type           Power      Damage    Failure   Level
 Ensorcelled Hibernation  Hex/Ice        0%         N/A       86%         2
 Spider Form              Tmut/Pois      0%         N/A       97%         3
 Airstrike                Air            0%         N/A       100%        4
 Anguish                  Hex/Necr       0%         N/A       100%        4
 Chain Lightning          Conj/Air       0%         N/A       100%        9


Dungeon Overview and Level Annotations

Branches:
Dungeon (4/15)
 Temple: D:4-7

Altars:

Shops:
D:2 *   D:3 *

Annotations:
D:4 Menkaure


Innate Abilities, Weirdness & Mutations

You are completely covered in rugged brown scales. (AC +3, +7% HP)
You have supernaturally acute eyesight. (SInv)
Armour fits poorly on your strangely shaped body.
You can roll at nearby foes to attack.
You have a long armoured tail.


Message History

Unknown command.
There's nothing to close nearby.
There are monsters nearby!
Unknown command.
Unknown command.
Aiming: Throw Flame
Press: ? - help, Shift-Dir - straight line The puff of flame misses Menkaure.
Menkaure mumbles some strange words.
Menkaure seems to speed up.
The dart slug launches a dart at you.
The slug dart hits you but does no damage.
Aiming: Throw Flame
Press: ? - help, Shift-Dir - straight line The puff of flame hits Menkaure.
Menkaure is lightly damaged.
Unknown command.
Unknown command.
Menkaure points at you and mumbles some strange words.
Pain shoots through your body!
Aiming: Throw Flame
Press: ? - help, Shift-Dir - straight line, f - Menkaure
Aim: Menkaure (lightly damaged, fast, 85% to hit)
The puff of flame hits Menkaure but does no damage.
Menkaure is lightly damaged.
Menkaure calls on the powers of darkness!
Your body is wracked with pain!
* * * LOW HITPOINT WARNING * * *
The dart slug convulses!
The orc wizard convulses!
Aiming: Throw Flame
Press: ? - help, Shift-Dir - straight line, f/p - Menkaure
Aim: Menkaure (lightly damaged, fast, 85% to hit)
The puff of flame hits Menkaure!
Menkaure is burned terribly!
Menkaure is heavily damaged.
Menkaure hits you.
* * * LOW HITPOINT WARNING * * *
Unknown command.
You feel very mighty all of a sudden. Menkaure hits you!
You die...

... .....#
#.....#######+###########
.........................
.........................
...............<.........
.........................
.................w.......
†...............@M.....o.
.##'##########'###o....##
.'....#..........#.....o.
.#....#..........#.....#.
.#....+>.........#.....#
.###..##'####...##.....#
...#..##.######## ....##
...#............ ....#
...#............


You could see Menkaure (fast), 2 orc wizards, a dart slug and an orc.

Vanquished Creatures
  A scorpion (D:4)
  3 hounds (D:4)
  An iguana (D:4)
  3 adders
  A worm (D:3)
  3 dart slugs (D:2)
  An orc (D:4)
  7 endoplasms
  3 giant cockroaches
  7 goblins
  4 hobgoblins
  5 jackals
  5 kobolds
  8 ball pythons
  2 bats
  6 frilled lizards
  12 rats
72 creatures vanquished.

Vanquished Creatures (others)
  5 fungi (D:2)
  5 toadstools (D:2)
10 creatures vanquished.

Grand Total: 82 creatures vanquished

Notes
Turn   | Place    | Note
-------+----------+-------------------------------------------
     0 | D:1      | Morbidden the Palentonga Fighter began the quest for the
                  | Orb.
     0 | D:1      | Reached XP level 1. HP: 19/19 MP: 1/1
   303 | D:1      | Reached XP level 2. HP: 15/25 MP: 2/2
   666 | D:1      | Found a faded altar of an unknown god.
   899 | D:2      | Reached XP level 3. HP: 30/31 MP: 3/3
  1148 | D:2      | Got Tebb's Catalogue of Feathers
  1195 | D:2      | Found Tovuwoan's General Store.
  1205 | D:2      | Reached skill level 3 in Axes
  1250 | D:2      | Bought a potion of heal wounds for 50 gold pieces
  1689 | D:2      | Reached XP level 4. HP: 37/37 MP: 4/4
  2469 | D:3      | Found Qaexzin's Assorted Antiques.
  2473 | D:3      | Bought a crude pewter ring for 125 gold pieces
  2473 | D:3      | Identified the ring of Ytum {Contam AC+4 Int+5 Dex+4} (You
                  | bought it in a shop on level 3 of the Dungeon)
  2628 | D:4      | Reached skill level 1 in Dodging
  2816 | D:4      | Reached XP level 5. HP: 38/43 MP: 4/6
  3245 | D:4      | Reached skill level 4 in Axes
  3245 | D:4      | Reached skill level 1 in Spellcasting
  3298 | D:4      | Reached XP level 6. HP: 51/51 MP: 7/7
  3332 | D:4      | Noticed Menkaure
  3344 | D:4      | Slain by Menkaure

Illustrated notes

Levels and vault maps discovered:
D:1:      psy_arrival_dodecagon, layout_rooms,
          shapermc_ecumenical_altar_mp_vishouse, minmay_misc_feat_iff
D:2:      kb_forest_paths, layout_basic, serial_shops, shop, corexii_shack,
          minmay_gold_behind_fungi
D:3:      layout_loops_cross, serial_shops, shop
D:4:      layout_gridville, uniq_menkaure

Skill      XL: |  1  2  3  4  5 |
---------------+----------------+-----
Axes           | 3 4 |  4.3
Dodging        | 1 |  1.5
Armour         | 3 |  3.1
Spellcasting   | 1 |  1.1
Fighting       | |  3.7
Shields        | |  2.7

Action                   |  1- 3 |  4- 6 || total
-------------------------+-------+-------++-------
Melee: War axe           |   102 |    72 ||   174
       Tailslap          |     7 |     4 ||    11
 Abil: Rolling Charge    |     2 |       ||     2
Evoke: Wand              |       |     7 ||     7
  Use: Potion            |       |     2 ||     2
       Scroll            |       |     3 ||     3
Armor: Scale mail        |    66 |    20 ||    86
       Chain mail        |       |    26 ||    26
Dodge: Dodged            |    46 |    19 ||    65
Block: Buckler           |    26 |    16 ||    42
